Map: Acid Plant LE

Players

HeroMarine - Winner!

  • Race: Terran Terran
  • Spawn Location: 5:00

NXZ

  • Race: Zerg Zerg
  • Spawn Location: 11:00

Event: WCS Valencia 2018

VOD

Have the link to the VOD?

Description

Time

  • Played on: July 12, 2018, 9:32 a.m.
  • Length: 7:11

All games in this series

Show
View Real Time Build Order
Export as new Build Order

HeroMarine Terran - Winner!

Build Orders: Liberator Opening, Reaper Expand 

Get SALT Encoding   

  12  0:00  SCV  
  13  0:12  SCV  
  14  0:17  Supply Depot  
  14  0:25  SCV  
  15  0:38  SCV  
  15  0:40  Barracks  
  16  0:43  Refinery  
  16  0:50  SCV  
  17  1:03  SCV  
  18  1:15  SCV  
  19  1:28  Reaper, Orbital Command  
  20  1:40  Command Center  
  20  1:49  Supply Depot  
  20  1:53  SCV  
  21  1:59  Marine  
  22  2:05  SCV  
  22  2:08  Factory  
  23  2:12  Refinery  
  23  2:18  SCV  
  23  2:21  Barracks Reactor  
  24  2:30  SCV  
  25  2:42  SCV  
  26  2:54  Starport, SCV  
  27  3:01  Marine x2, Factory Tech Lab  
  27  3:03  Orbital Command  
  29  3:06  Bunker, SCV  
  30  3:18  SCV  
  30  3:19  Marine x2  
  33  3:22  Siege Tank  
  36  3:29  Supply Depot  
  36  3:30  SCV  
  36  3:33  SCV  
  38  3:34  Medivac  
  38  3:38  Marine  
  38  3:39  Marine  
  42  3:42  SCV  
  42  3:45  SCV  
  44  3:50  Liberator  
  44  3:52  Supply Depot  
  44  3:54  SCV  
  45  3:57  SCV  
  45  4:00  Marine x2  
  47  4:07  SCV  
  47  4:09  SCV  
  52  4:19  SCV  
  52  4:21  SCV  
  54  4:31  Command Center  
  54  4:33  SCV x2  
  54  4:34  Stimpack, Marine  
  57  4:40  Barracks x2  
  57  4:41  Factory Reactor  
  57  4:46  SCV x2  
  57  4:52  Marine  
  60  4:58  SCV x2  
  61  5:02  Engineering Bay  
  61  5:04  Engineering Bay  
  61  5:08  Starport Reactor  
  61  5:10  Marine, Refinery  
  61  5:11  Refinery  
  62  5:15  SCV x2  
  62  5:16  Supply Depot  
  64  5:27  SCV x2  
  66  5:34  Marine  
  66  5:35  Marine x2  
  69  5:37  Factory Tech Lab  
  69  5:39  SCV x2  
  69  5:40  Marine x2  
  73  5:50  Barracks  
  73  5:51  SCV x2, Barracks  
  73  5:52  Marine  
  73  5:55  Medivac, Marine x2  
  73  5:56  Medivac  
  82  5:58  Marine  
  82  5:59  Supply Depot  
  82  6:03  SCV x2  
  85  6:05  Orbital Command  
  85  6:09  Siege Tank  
  85  6:10  Marine  
  85  6:11  Marine  
  89  6:13  Marine  
  89  6:14  Marine  
  89  6:16  SCV  
  93  6:20  SCV  
  93  6:22  Supply Depot  
  93  6:23  Supply Depot  
  94  6:28  SCV  
  94  6:31  Marine x4  
  99  6:33  SCV x2  
  101  6:43  Armory, Barracks Reactor  
  101  6:44  SCV  
  101  6:45  Barracks Reactor, SCV x2  
  104  6:49  Marine x3  
  104  6:50  Marine  
  104  6:51  Marine  
  109  6:56  SCV  
  109  6:57  Supply Depot, SCV x2  
  109  7:00  Supply Depot  
Show
View Real Time Build Order
Export as new Build Order

NXZ Zerg 

Build Orders: Pool First 

Get SALT Encoding   

  12  0:00  Drone  
  13  0:08  Drone  
  14  0:17  Overlord  
  14  0:22  Extractor  
  14  0:23  Drone  
  15  0:35  Drone x2  
  17  0:42  Extractor  
  16  0:44  Drone  
  17  0:50  Spawning Pool  
  17  0:55  Drone  
  17  1:05  Drone  
  18  1:19  Hatchery  
  18  1:23  Drone  
  18  1:38  Zergling x2, Queen  
  21  1:44  Metabolic Boost  
  21  1:50  Drone  
  22  1:58  Overlord  
  22  2:07  Roach Warren  
  21  2:09  Drone  
  22  2:26  Overlord  
  22  2:41  Spore Crawler  
  21  2:45  Spore Crawler  
  21  2:47  Roach x4  
  27  2:52  Roach  
  27  2:56  Roach x2  
  35  2:59  Drone  
  35  3:01  Drone  
  35  3:04  Drone  
  38  3:08  Drone  
  38  3:11  Drone  
  40  3:16  Drone  
  40  3:17  Drone  
  42  3:20  Drone  
  42  3:23  Drone  
  44  3:28  Overlord  
  44  3:33  Overlord  
  44  3:46  Zergling x2, Queen  
  44  3:48  Drone x2  
  49  3:49  Ravager  
  49  3:50  Ravager  
  49  3:54  Drone x2  
  53  4:03  Drone x3  
  53  4:04  Drone  
  55  4:18  Hatchery  
  55  4:21  Queen  
  56  4:26  Lair  
  56  4:28  Extractor x2  
  56  4:29  Drone  
  56  4:30  Drone  
  56  4:33  Drone  
  56  4:34  Zergling x2  
  56  4:35  Zergling x2  
  56  4:38  Zergling x2  
  60  4:41  Overlord  
  60  4:44  Overlord  
  60  4:48  Extractor  
  60  4:49  Overlord  
  57  5:04  Drone x5  
  62  5:09  Drone x2  
  64  5:15  Hatchery  
  64  5:19  Drone x2  
  65  5:23  Spire  
  65  5:26  Drone  
  65  5:27  Drone x2  
  65  5:28  Drone  
  68  5:32  Drone x2  
  68  5:33  Drone  
  71  5:36  Drone  
  71  5:46  Overlord  
  71  5:51  Drone  
  71  5:53  Evolution Chamber x2  
  71  5:56  Drone  
  71  6:03  Drone x5  
  76  6:07  Overlord  
  76  6:12  Drone  
  76  6:13  Spore Crawler  
  76  6:15  Overseer  
  76  6:19  Queen  
  76  6:21  Overlord  
  78  6:36  Mutalisk x2  
  78  6:37  Mutalisk x3  
  78  6:38  Mutalisk  
  90  6:41  Mutalisk  
  90  6:46  Mutalisk  
  94  6:54  Drone x4  
Tags
 
Add a new tag
Caveats
  • Supply blocks, unpowered buildings, or Contaminate may cause inaccurate times.
  • Supply counts are checked every 10 seconds.